 Dungeon Crawl Stone Soup version 0.24-a0-22-g2a401c0 (console) character file.

Game seed: 10642888170334964725

7328 Duffy the Cleaver (level 11, -2/103 HPs)
             Began as a Naga Gladiator on Feb 1, 2019.
             Was a Believer of the Shining One.
             Slain by a troll (13 damage)
             ... on level 10 of the Dungeon.
             The game lasted 00:09:03 (9615 turns).

Duffy the Cleaver (Naga Gladiator)                  Turns: 9615, Time: 00:09:04

Health: -2/103     AC:  9    Str: 19    XL:     11   Next: 13%
Magic:  14/14      EV: 14    Int:  9    God:    the Shining One [**....]
Gold:   477        SH:  0    Dex: 13    Spells: 10/10 levels left

rFire    + . .     SeeInvis +   a - +2 war axe (venom)
rCold    + . .     Gourm    .   (no shield)
rNeg     + . .     Faith    .   B - +0 troll leather armour
rPois    +         Spirit   .   c - +2 helmet
rElec    .         Reflect  .   e - scarf {rC+ rF+}
rCorr    .         Harm     +   w - +0 pair of gloves
MR       +....                  (no barding)
Stlth    +.........             v - amulet of harm
HPRegen  0.67/turn              k - ring of stealth
MPRegen  0.14/turn              (no ring)

@: glowing, very slow
A: large, see invisible, deformed body, poison resistance, slowness 2, slow
metabolism 1, spit poison 1, AC +3
a: Spit Poison, Divine Shield, Renounce Religion


You were on level 10 of the Dungeon.
You worshipped the Shining One.
The Shining One was pleased with you.
You were not hungry.

You visited 2 branches of the dungeon, and saw 11 of its levels.

You collected 507 gold pieces.
You spent 30 gold pieces at shops.

Inventory:

Hand Weapons
 a - a +2 war axe of venom (weapon)
 l - a +0 hand axe of chopping
 D - a +2 dagger of electrocution
Missiles
 d - 3 throwing nets (quivered)
Armour
 c - a +2 helmet (worn)
 e - a scarf of resistance (worn)
 m - a +3 leather armour of fire resistance
 n - a scarf of repulsion
 w - a +0 pair of gloves (worn)
 B - a +0 troll leather armour (worn)
Jewellery
 k - a ring of stealth (left hand)
 u - an uncursed ring of fire
 v - an amulet of harm (around neck)
 z - an uncursed ring of ice
 A - an uncursed ring of fire
Wands
 o - a wand of acid (8)
Scrolls
 b - 8 scrolls of remove curse
 g - 3 scrolls of magic mapping
 i - 8 scrolls of teleportation
 s - 4 scrolls of identify
 y - 2 scrolls of blinking
Potions
 h - 2 potions of curing
 j - 2 potions of flight
 p - 4 potions of heal wounds
 q - a potion of lignification
 r - a potion of resistance
 t - 2 potions of might
 x - 4 potions of ambrosia
 E - a potion of agility
Comestibles
 f - 14 rations
 C - 10 chunks of flesh


   Skills:
 - Level 8.0 Fighting
 + Level 11.0 Axes
 - Level 1.7 Throwing
 - Level 8.1 Dodging
 - Level 5.0 Evocations


You had 10 spell levels left.
You didn't know any spells.
Your spell library contained the following spells:

 Spells                   Type           Power        Failure   Level  Hunger
 Poisonous Vapours        Pois/Air       #.....       58%         2    ###....
 Conjure Flame            Conj/Fire      #.......     82%         3    ####...
 Mephitic Cloud           Conj/Pois/Air  #.......     82%         3    ####...
 Freezing Cloud           Conj/Ice/Air   #.........   100%        6    #######
 Ring of Flames           Chrm/Fire      #.........   100%        7    #######


Dungeon Overview and Level Annotations

Branches:
Dungeon (10/15)            Temple (1/1) D:5            Lair (0/6) D:9
    Orc: D:9-12

Altars:
Ashenzari
Cheibriados
Dithmenos
Elyvilon
Fedhas
Gozag
Hepliaklqana
Kikubaaqudgha
Makhleb
Nemelex Xobeh
Okawaru
Qazlal
Ru
Sif Muna
Trog
Uskayaw
Vehumet
Wu Jian
Xom
Yredelemnul
Zin
The Shining One

Shops:
D:9 *(}


Innate Abilities, Weirdness & Mutations

You cannot wear boots.
Your serpentine skin is tough. (AC +3)
You have supernaturally acute eyesight. (SInv)
Armour fits poorly on your strangely shaped body.
Your system is resistant to poisons. (rPois)
You cover ground very slowly.
You have a slow metabolism.
You can spit poison.


Message History

You are too injured to fight recklessly!
You are too injured to fight recklessly!
You are too injured to fight recklessly!
You are too injured to fight recklessly!
You are too injured to fight recklessly!
You are too injured to fight recklessly!
You are too injured to fight recklessly!
You are too injured to fight recklessly!
You are too injured to fight recklessly!
You slash the troll!
The troll is heavily wounded.
The troll completely misses you. The troll claws you but does no damage.
The troll claws you!
You barely miss the troll.
The troll is heavily wounded.
The troll misses you. The troll completely misses you. The troll claws you.
You hit the troll.
The troll looks as sick as possible!
The troll is heavily wounded.
The troll bites you! The troll claws you!
You die...

#....#......#...
#....#......#...
###+###...#+##..)#...
#.....#......#...#...
+.....'......'.......
#.....#...#+######...
###....###+## #...
#......# #...
#...T@.# #...
#......# ####
#..##### #... #.. ##


You could see a troll.

Vanquished Creatures
  Gastronok (D:9)
  An unseen horror (D:10)
  The ghost of Kenran the Digger, a novice OpEE of Gozag (D:6)
  Psyche (D:9)
  A troll (D:9)
  A hornet (D:9)
  2 hippogriffs
  2 soldier ants (D:9)
  2 ice beasts
  2 sky beasts
  An eye of draining (D:8)
  10 ogres
  5 centaurs
  A crocodile (D:9)
  A big kobold (D:8)
  2 bullfrogs (D:9)
  A wyvern zombie (D:7)
  3 scorpions
  4 wights (D:9)
  6 howler monkeys
  3 crimson imps
  A bullfrog zombie (D:5)
  A centaur zombie (D:9)
  2 hounds
  5 centaur skeletons
  An orc priest (D:7)
  3 iguanas
  5 orc wizards
  9 worker ants
  A hound zombie (D:7)
  A howler monkey zombie (D:8)
  2 worker ant zombies
  10 adders
  3 shadow imps
  An ooze (D:1)
  An adder zombie (D:5)
  An adder skeleton (D:5)
  A worm (D:2)
  5 leopard geckos
  30 orcs
  2 giant cockroaches
  7 goblins
  10 hobgoblins
  12 kobolds
  5 quokkas
  A ball python (D:4)
  7 bats
  5 frilled lizards
  A leopard gecko skeleton (D:4)
  A quokka skeleton (D:8)
  A quokka zombie (D:8)
  9 rats
195 creatures vanquished.

Notes
Turn   | Place    | Note
-------+----------+-------------------------------------------
     0 | D:1      | Duffy the Naga Gladiator began the quest for the Orb.
     0 | D:1      | Reached XP level 1. HP: 19/19 MP: 1/1
   403 | D:1      | Reached XP level 2. HP: 25/26 MP: 2/2
  1025 | D:1      | Reached skill level 4 in Axes
  1054 | D:1      | Reached XP level 3. HP: 30/32 MP: 3/3
  1794 | D:2      | Reached XP level 4. HP: 36/39 MP: 4/4
  1871 | D:2      | Reached skill level 5 in Axes
  2697 | D:3      | Reached XP level 5. HP: 33/45 MP: 5/5
  2877 | D:3      | Found a hide-covered altar of Uskayaw.
  3352 | D:4      | Reached skill level 6 in Axes
  3501 | D:4      | Reached XP level 6. HP: 40/52 MP: 6/6
  3690 | D:4      | Reached skill level 7 in Axes
  4051 | D:5      | Entered Level 5 of the Dungeon
  4085 | D:5      | Reached XP level 7. HP: 54/60 MP: 7/7
  4164 | D:5      | Found a staircase to the Ecumenical Temple.
  4169 | D:5      | Reached skill level 8 in Axes
  4180 | Temple   | Entered the Ecumenical Temple
  4453 | Temple   | Became a worshipper of the Shining One
  4906 | D:5      | Reached skill level 9 in Axes
  5082 | D:5      | Reached XP level 8. HP: 61/68 MP: 8/8
  5528 | D:6      | Found a stormy altar of Qazlal.
  5633 | D:6      | Reached skill level 1 in Evocations
  5726 | D:6      | Found a transporter.
  5730 | D:6      | Noticed Kenran's ghost (novice OpEE)
  5731 | D:6      | Found a transporter.
  5949 | D:6      | Killed Kenran's ghost
  6219 | D:7      | Reached XP level 9. HP: 72/79 MP: 11/11
  6223 | D:7      | Reached skill level 10 in Axes
  6402 | D:7      | Reached * piety under the Shining One
  6412 | D:7      | Reached skill level 5 in Fighting
  7260 | D:8      | Reached skill level 5 in Evocations
  7685 | D:8      | Reached skill level 5 in Dodging
  7970 | D:8      | Reached ** piety under the Shining One
  8303 | D:9      | Found a staircase to the Lair.
  8328 | D:9      | Found Wiefes's General Store.
  8332 | D:9      | Bought a scroll of identify for 30 gold pieces
  8432 | D:9      | Noticed Gastronok
  8447 | D:9      | Killed Gastronok
  8447 | D:9      | Reached XP level 10. HP: 68/94 MP: 13/13
  8552 | D:9      | Found Hoixzu's Gadget Emporium.
  8645 | D:9      | Noticed Psyche
  8652 | D:9      | Killed Psyche
  8976 | D:9      | Found Joetet's Antique Weapon Shoppe.
  9386 | D:9      | Reached XP level 11. HP: 103/103 MP: 14/14
  9415 | D:10     | Entered Level 10 of the Dungeon
  9600 | D:10     | Noticed an unseen horror
  9609 | D:10     | Killed an unseen horror
  9609 | D:10     | Reached skill level 11 in Axes
  9615 | D:10     | Slain by a troll

Vault maps used:
D:1:      minmay_arrival_solitary_statue
D:3:      minmay_skewed_foursquare, lemuel_doored_altar, first_ration,
          hangedman_decor_push
D:4:      wad_floor_pattern_2
D:5:      minmay_temple_entry_arrows, feat_on_display
D:6:      gammafunk_ghost_smash, grunt_qazlal_clouds
D:9:      lair_entry_dummy, serial_shops, kennysheep_mini, nicolae_shop_crystal,
          nicolae_shop_trees, hangedman_pestilent_swarm, uniq_psyche,
          uniq_joseph, uniq_gastronok
D:10:     basic_altar, corexii_corridor_pit, minmay_misc_feat_four_crosses,
          uniq_snorg
Temple:   kilobyte_greek_temple

Skill      XL: |  1  2  3  4  5  6  7  8  9 10 11 |
---------------+----------------------------------+-----
Axes           | 4 5 6 7 9 10 11 | 11.0
Evocations     | 3 5 |  5.0
Fighting       | 4 7 8 |  8.0
Dodging        | 6 8 |  8.1
Throwing       | |  1.7

Action                   |  1- 3 |  4- 6 |  7- 9 | 10-12 || total
-------------------------+-------+-------+-------+-------++-------
Melee: War axe           |    84 |   168 |   216 |   102 ||   570
 Abil: Spit Poison       |     1 |    14 |     4 |       ||    19
  Use: Scroll            |       |     2 |    22 |     1 ||    25
       Potion            |       |       |     2 |       ||     2
  Eat: Chunk             |     2 |     6 |     6 |     3 ||    17
       Ration            |       |       |     2 |       ||     2
Armor: Leather armour    |    46 |    79 |    81 |     3 ||   209
       Troll leather arm |       |       |       |    26 ||    26
Dodge: Dodged            |    57 |    95 |   117 |    73 ||   342
       Deflected         |     1 |     2 |     5 |       ||     8

Table legend:
 A = Non-vault XP
 B = Vault XP
 C = Vault XP percentage of total XP
 D = Non-vault monster count
 E = Vault monster count
 F = Vault count percentage of total count
                 A         B        C        D         E       F
            +---------+---------+-------+---------+---------+-------
      Total |    6278 |    4191 |  40.0 |     179 |      16 |   8.2
            +---------+---------+-------+---------+---------+-------
        D:1 |      34 |       0 |   0.0 |      17 |       0 |   0.0
        D:2 |      93 |       0 |   0.0 |      29 |       0 |   0.0
        D:3 |      48 |      33 |  40.7 |      17 |       5 |  22.7
        D:4 |     397 |       0 |   0.0 |      23 |       0 |   0.0
        D:5 |     547 |       0 |   0.0 |      13 |       0 |   0.0
        D:6 |      77 |     986 |  92.8 |       3 |       5 |  62.5
        D:7 |     785 |       0 |   0.0 |      16 |       0 |   0.0
        D:8 |    1263 |       0 |   0.0 |      24 |       0 |   0.0
        D:9 |    1831 |    3172 |  63.4 |      30 |       6 |  16.7
       D:10 |    1153 |       0 |   0.0 |       6 |       0 |   0.0
     Temple |      50 |       0 |   0.0 |       1 |       0 |   0.0
            +---------+---------+-------+---------+---------+-------
